cohdb
Replays
Latest Replays
All Replays
Popular Replays
Top Player Replays
Match Explorer
How It Works
Community
CoH3 Stats
Reddit
Sign in to upload your games and track your stats! →
Sign in with Steam
Match 25332454
Unlisted
Match 25332454
Overview
Messages
Build Orders
End
Construct Infanterie Kompanie
Grenadier Squad
GrW 34 Mortar Team
Grenadier Squad
MG 42 Machine Gun Team
Selects Breakthrough Battlegroup
Selects Assault Grenadiers
Medical Station
Selects Smoke Bombing Run
Construct Panzergrenadier Kompanie
Panzergrenadier Squad
Selects Incendiary Bombing Run
Incendiary Bombing Run
Pak 40 Anti-tank Gun Team
Construct Panzer Kompanie
Incendiary Bombing Run
Selects Rapid Production
Selects Blitzkrieg
Panzer IV Medium Tank
sympTom
General_Watcher
Ruffe
PAUG.S®
Eber
Jonatanga
0
0
Comments
sign in to comment!
No comments posted yet!